 Dungeon Crawl Stone Soup version 0.31.0-11-ge490571c62 (webtiles) character file.

Game seed: 6468904471825033911

92 qw the Shooter (level 4, -2/22 HPs)
             Began as a Spriggan Hunter on Feb 3, 2024.
             Slain by a cerulean imp
             ... wielding a +2 spear
             ... summoned by Natasha
              (4 damage)
             ... on level 2 of the Dungeon.
             The game lasted 00:00:13 (1110 turns).

qw the Shooter (Spriggan Hunter)                    Turns: 1110, Time: 00:00:13

Health: -2/22      AC:  3    Str: 13    XL:     4   Next: 35%
Magic:  5/5        EV: 19    Int: 10    God:
Gold:   74         SH:  0    Dex: 20    Spells: 3/3 levels left

rFire   . . .        a - +0 shortbow
rCold   . . .        (shield currently unavailable)
rNeg    . . .        c - +0 robe
rPois   .            (helmet restricted)
rElec   .            d - +0 cloak
rCorr   .            (gloves unavailable)
SInv    +            (boots unavailable)
Will    .....        (no amulet)
Stlth   ++           f - +6 ring of strength
HPRegen 0.23/turn    (no ring)
MPRegen 0.09/turn

%: no passive effects
@: very quick
A: very small, no large weapons, unfitting armour, see invisible, speed 3
a: no special abilities


You were on level 2 of the Dungeon.
You visited 1 branch of the dungeon, and saw 2 of its levels.

You collected 74 gold pieces.


Innate Abilities, Weirdness & Mutations

You are very small and have problems with some larger weapons.
You are too small for most types of armour.
You have supernaturally acute eyesight. (SInv)
You cover ground extremely quickly. (Speed+++)


   Skills:
 - Level 1.5 Fighting
 - Level 5.1 Ranged Weapons
 + Level 4.5 Dodging
 - Level 1.5 Stealth


You had 3 spell levels left.
You didn't know any spells.
Your spell library was empty.

Inventory:

Hand Weapons
 a - a +0 shortbow (weapon)
Armour
 c - a +0 robe (worn)
 d - a +0 cloak (worn)
Jewellery
 b - an amulet of reflection
 f - a +6 ring of strength (left hand)
Scrolls
 j - a scroll of enchant weapon {unknown}
 l - a scroll of identify {unknown}
 n - a scroll of fog {unknown}
 o - 2 scrolls of noise {unknown}
Potions
 e - a potion of heal wounds {unknown}
 g - a potion of mutation {unknown}
 h - a potion of might {unknown}
 i - a potion of ambrosia {unknown}
 k - a potion of curing {unknown}
 m - a potion of resistance {unknown}

Dungeon Overview and Level Annotations

Branches:
Dungeon (2/15)

Altars:

Annotations:
D:2 Natasha


Message History

The cerulean imp closely misses you.
You shoot an arrow. The arrow hits the cerulean imp.
The cerulean imp is almost dead.
The cerulean imp hits you from afar with a +3 spear.
The cerulean imp barely misses you.
Enter note:
Enter note:
Enter note:
Enter note:
Enter note:
Enter note:
1103 ||| RETREEEEATING.
The cerulean imp attacks as it pursues you!
The cerulean imp barely misses you.
Enter note:
Enter note:
Enter note:
1104 ||| RETREEEEATING.
1105 ||| RETREEEEATING.
You shoot an arrow.
The arrow completely misses the cerulean imp.
The cerulean imp barely misses you.
1107 ||| RETREEEEATING.
You shoot an arrow.
The arrow closely misses the cerulean imp.
The arrow hits the cerulean imp.
You kill the cerulean imp!
The cerulean imp disappears in a puff of smoke!
The cerulean imp barely misses you.
You shoot an arrow.
The arrow barely misses the cerulean imp.
The arrow closely misses Natasha.
The cerulean imp closely misses you.
Natasha wildly gestures.
Natasha's front paws start to glow.
Natasha mumbles some strange words.
You shoot an arrow.
The arrow hits the cerulean imp but does no damage.
The cerulean imp hits you from afar with a +2 spear.
You die...

####.#####.........#####.########
# #.# ######....#........#...~ #
#.# ####..#.........:### # #.#
#.##..^........### # ..#
#####.......###.#### ## # ###
#..[...h##..###.# #. #
#.###.#5###..##.# #. # #.#...#.#
#.....# #. ##########.#.###@#
#.##..# #.
..#........#.....###.#...#######.
#..................#.#.#<........
###................#...#..#######
#.......#........#.............
#..........#####.#.###.#.######
#..........# #.#.............
#..........#####.....#....#####
#..........##........##..>.....


You could see Natasha and a cerulean imp (summoned).

Vanquished Creatures
  Natasha (D:2)
  2 adders (D:2)
  2 dart slugs
  A ribbon worm (D:2)
  4 bats (D:1)
  3 endoplasms
  2 giant cockroaches
  3 hobgoblins (D:1)
  5 jackals
  4 kobolds
  2 quokkas
  5 ball pythons
  2 frilled lizards (D:1)
  2 goblins
38 creatures vanquished.

Notes
Turn   | Place    | Note
-------+----------+-------------------------------------------
     0 | D:1      | qw the Spriggan Hunter began the quest for the Orb.
     0 | D:1      | Reached XP level 1. HP: 10/10 MP: 2/2
     0 | D:1      | 0 ||| qw: Version: 0.3-a-155-g5e7d8dd
     0 | D:1      | 0 ||| qw: Game counter: 3124
     0 | D:1      | 0 ||| qw: Melee chars always use a shield: true
     0 | D:1      | 0 ||| qw: God list: Okawaru
     0 | D:1      | 0 ||| qw: Allow faded altars: false
     0 | D:1      | 0 ||| qw: Do Orc after clearing Dungeon:15 true
     0 | D:1      | 0 ||| qw: Do second Lair branch before Depths: true
     0 | D:1      | 0 ||| qw: Lair rune preference: random
     0 | D:1      | 0 ||| qw: Goals: Normal
     0 | D:1      | 0 ||| PLANNING D:1-11
    47 | D:1      | Reached skill level 3 in Dodging
   141 | D:1      | Reached XP level 2. HP: 14/14 MP: 3/3
   141 | D:1      | Found a faded altar of an unknown god.
   277 | D:1      | Reached XP level 3. HP: 18/18 MP: 4/4
   517 | D:1      | 517 ||| UPGRADING to +0 cloak.
   522 | D:1      | 522 ||| UPGRADING to +6 ring of strength.
   523 | D:1      | 523 ||| DROPPING scroll of butterflies.
   727 | D:2      | Noticed Natasha
   730 | D:2      | Killed Natasha
   731 | D:2      | Reached skill level 5 in Ranged Weapons
   731 | D:2      | Reached XP level 4. HP: 22/22 MP: 5/5
  1083 | D:2      | Noticed Natasha
  1090 | D:2      | 1090 ||| RETREEEEATING.
  1091 | D:2      | 1091 ||| RETREEEEATING.
  1092 | D:2      | 1092 ||| RETREEEEATING.
  1093 | D:2      | 1093 ||| RETREEEEATING.
  1094 | D:2      | 1094 ||| RETREEEEATING.
  1095 | D:2      | 1095 ||| RETREEEEATING.
  1096 | D:2      | 1096 ||| RETREEEEATING.
  1098 | D:2      | HP: 2/22 [cerulean imp/+3 spear[Natasha] (7)]
  1100 | D:2      | 1100 ||| RETREEEEATING.
  1103 | D:2      | 1103 ||| RETREEEEATING.
  1104 | D:2      | 1104 ||| RETREEEEATING.
  1105 | D:2      | 1105 ||| RETREEEEATING.
  1107 | D:2      | 1107 ||| RETREEEEATING.
  1110 | D:2      | Slain by a cerulean imp

Levels and vault maps discovered:
D:1:      nicolae_arrival_washed_ashore, layout_basic,
          ebering_ecumenical_altar_webs
D:2:      minmay_razor_zed, layout_basic, corexii_corridor_pit, uniq_natasha

Skill      XL: |  1  2  3 |
---------------+----------+-----
Dodging        | 3 4 |  4.5
Ranged Weapons | 5 |  5.1
Fighting       | |  1.5
Stealth        | |  1.5

Action                     |  1- 3 |  4- 6 || total
---------------------------+-------+-------++-------
   Fire: Shortbow          |    70 |    42 ||   112
 Armour: Robe              |     4 |     8 ||    12
  Dodge: Dodged            |    14 |    37 ||    51

Table legend:
 A = Non-vault XP
 B = Vault XP
 C = Vault XP percentage of total XP
 D = Non-vault monster count
 E = Vault monster count
 F = Vault count percentage of total count
                 A         B        C        D         E       F
            +---------+---------+-------+---------+---------+-------
      Total |      75 |      57 |  43.2 |      33 |       5 |  13.2
            +---------+---------+-------+---------+---------+-------
        D:1 |      48 |       0 |   0.0 |      26 |       0 |   0.0
        D:2 |      27 |      57 |  67.9 |       7 |       5 |  41.7
            +---------+---------+-------+---------+---------+-------
